[Event "WYCC U16 Open 2019"]
[Site "Mumbai"]
[Date "2019.10.09"]
[Round "8.9"]
[White "Sankalp Gupta"]
[Black "Ammar, Sedrani"]
[Result "1-0"]
[ECO "A06"]
[WhiteElo "2369"]
[BlackElo "2053"]
[Annotator "ChessBase"]
[PlyCount "83"]
[EventDate "2019.10.02"]
[EventType "swiss"]
[EventCountry "IND"]
[SourceTitle "playchess.com"]
[Source "ChessBase"]
[SourceQuality "1"]
[TimeControl "40/5400+30:1800+30"]

1. Nf3 d5 2. e3 Nf6 3. c4 e6 4. Nc3 c6 5. Qc2 Nbd7 6. b3 b6 7. Bb2 Bb7 8. Be2 Rc8 9. O-O Be7 10. Rfd1 O-O 11. Rac1 Qc7 12. d4 Qb8 13. h3 Rfd8 14. Qb1 h6 15. Kh1 Qa8 16. Qa1 Bf8 17. a4 c5 18. a5 cxd4 19. exd4 dxc4 20. a6 Bc6 21. bxc4 Bb4 22. Kg1 Bxc3 23. Bxc3 Qb8 24. Bb4 Re8 25. Qa3 Qa8 26. Ne1 Nf8 27. Bf1 Ng6 28. Nc2 Rcd8 29. Ne3 Rd7 30. Bc3 Ne4 31. Bb2 Red8 32. d5 exd5 33. cxd5 Bxd5 34. Bb5 Rd6 35. Nf5 Nf4 36. Nxd6 Nxd6 37. Bf1 Nf5 38. Qb4 Nxg2 39. Bxg2 Bxg2 40. Rxd8+ Qxd8 41. Kxg2 Qd5+ 42. Kg1 1-0

[Event "WYCC U16 Open 2019"]
[Site "Mumbai"]
[Date "2019.10.09"]
[Round "8.10"]
[White "Stork, Oliver"]
[Black "Harshavardhan G B"]
[Result "0-1"]
[ECO "A45"]
[WhiteElo "2314"]
[BlackElo "2362"]
[Annotator "ChessBase"]
[PlyCount "96"]
[EventDate "2019.10.02"]
[EventType "swiss"]
[EventCountry "IND"]
[SourceTitle "playchess.com"]
[Source "ChessBase"]
[SourceQuality "1"]
[TimeControl "40/5400+30:1800+30"]

1. d4 Nf6 2. Bf4 d5 3. e3 c5 4. c3 Nc6 5. Nd2 Qb6 6. Qb3 Qxb3 7. axb3 e6 8. Ngf3 Bd7 9. Bb5 Nh5 10. dxc5 Nxf4 11. exf4 Bxc5 12. O-O O-O 13. b4 Bd6 14. g3 Rfd8 15. Nb3 Be7 16. Be2 a6 17. Ne5 Nxe5 18. fxe5 g5 19. Nc5 Bc6 20. f4 a5 21. Bh5 axb4 22. cxb4 Rxa1 23. Rxa1 gxf4 24. Rf1 b6 25. Nb3 f5 26. Nd4 Bd7 27. Rxf4 Rc8 28. g4 Bg5 29. Rf3 Rc4 30. Nxe6 Bxe6 31. gxf5 Bf7 32. Rg3 h6 33. Be2 Re4 34. e6 Rxe2 35. h4 Be8 36. hxg5 hxg5 37. Rxg5+ Kf8 38. Rg3 Re5 39. Kf2 Rxf5+ 40. Ke3 Ke7 41. Rg7+ Kxe6 42. Rb7 b5 43. Kd4 Rf4+ 44. Kc3 Rc4+ 45. Kb3 d4 46. Rg7 Rc1 47. Rg4 Bf7 48. Rxd4 Ke5+ 0-1

[Event "WYCC U16 Open 2019"]
[Site "Mumbai"]
[Date "2019.10.09"]
[Round "8.11"]
[White "Turgut, Aydin"]
[Black "Wachinger, Nikolas"]
[Result "1/2-1/2"]
[ECO "B90"]
[WhiteElo "2281"]
[BlackElo "2297"]
[Annotator "ChessBase"]
[PlyCount "57"]
[EventDate "2019.10.02"]
[EventType "swiss"]
[EventCountry "IND"]
[SourceTitle "playchess.com"]
[Source "ChessBase"]
[SourceQuality "1"]
[TimeControl "40/5400+30:1800+30"]

1. e4 c5 2. Nf3 d6 3. d4 cxd4 4. Nxd4 Nf6 5. Nc3 a6 6. h3 e6 7. g4 Nfd7 8. g5 b5 9. a3 Bb7 10. h4 Be7 11. Be3 Nb6 12. Bh3 Na4 13. Nxa4 bxa4 14. Bg2 Qa5+ 15. Bd2 Qb6 16. c3 O-O 17. O-O Qa5 18. c4 Qe5 19. Ne2 Bc6 20. Qc2 Bd7 21. Bb4 Rc8 22. Rac1 g6 23. f4 Qg7 24. e5 Nc6 25. exd6 Bd8 26. c5 Rab8 27. Bc3 Qf8 28. Qxa4 Nb4 29. Qxd7 1/2-1/2

[Event "WYCC U16 Open 2019"]
[Site "Mumbai"]
[Date "2019.10.09"]
[Round "8.12"]
[White "Alvarez Angel, Nelson Eduardo"]
[Black "Nogerbek, Kazybek"]
[Result "0-1"]
[ECO "E77"]
[WhiteElo "1974"]
[BlackElo "2387"]
[Annotator "ChessBase"]
[PlyCount "112"]
[EventDate "2019.10.02"]
[EventType "swiss"]
[EventCountry "IND"]
[SourceTitle "playchess.com"]
[Source "ChessBase"]
[SourceQuality "1"]
[TimeControl "40/5400+30:1800+30"]

1. d4 Nf6 2. c4 g6 3. Nc3 Bg7 4. e4 d6 5. f4 O-O 6. Nf3 c5 7. d5 e6 8. Be2 exd5 9. cxd5 Bg4 10. O-O Nbd7 11. h3 Bxf3 12. Bxf3 Re8 13. Re1 c4 14. Be3 Qa5 15. Bd4 Nc5 16. b4 cxb3 17. e5 b2 18. Rb1 Nfd7 19. e6 fxe6 20. dxe6 Nxe6 21. Bxg7 Kxg7 22. Qxd6 Qc5+ 23. Qxc5 Ndxc5 24. f5 Nd4 25. Rxe8 Rxe8 26. Rxb2 Re3 27. Nb5 Nxf3+ 28. gxf3 gxf5 29. Kg2 Nd3 30. Rd2 f4 31. Nd6 Ne1+ 32. Kf2 Nxf3 33. Rb2 Ne5 34. Nf5+ Kg6 35. Nxe3 Nd3+ 36. Kf3 Nxb2 37. Kxf4 Nd3+ 38. Kg3 b5 39. a3 a5 40. Nd5 Ne5 41. Nc3 b4 42. axb4 axb4 43. Nd1 Kg5 44. Ne3 b3 45. Nd1 h5 46. h4+ Kf5 47. Nb2 Ke4 48. Na4 Nd3 49. Nc3+ Kd4 50. Nd1 Ke4 51. Nc3+ Ke3 52. Nb1 Nf4 53. Na3 Ng6 54. Nb1 Kd3 55. Kf3 b2 56. Na3 Ne5+ 0-1

[Event "WYCC U16 Open 2019"]
[Site "Mumbai"]
[Date "2019.10.09"]
[Round "8.13"]
[White "Soham Kamotra"]
[Black "Talukdar, Rohan"]
[Result "1-0"]
[ECO "A05"]
[WhiteElo "2091"]
[BlackElo "2369"]
[Annotator "ChessBase"]
[PlyCount "73"]
[EventDate "2019.10.02"]
[EventType "swiss"]
[EventCountry "IND"]
[SourceTitle "playchess.com"]
[Source "ChessBase"]
[SourceQuality "1"]
[TimeControl "40/5400+30:1800+30"]

1. Nf3 Nf6 2. g3 g6 3. Bg2 Bg7 4. c4 d5 5. cxd5 Nxd5 6. Nc3 Nxc3 7. bxc3 O-O 8. O-O c5 9. Qc2 Nc6 10. d3 Qc7 11. Rb1 e5 12. Ba3 b6 13. Nd2 Bb7 14. Nc4 Rac8 15. Qb3 Ba8 16. Ne3 Na5 17. Qa4 Bxg2 18. Kxg2 f5 19. Nd5 Qf7 20. c4 f4 21. f3 Nc6 22. Bb2 h5 23. Rbe1 g5 24. e3 fxe3 25. Rxe3 g4 26. f4 exf4 27. Rxf4 Qb7 28. Bxg7 Qxg7 29. Qd1 Ne5 30. Qe2 Rce8 31. Ree4 Kh7 32. Rxf8 Qxf8 33. Rf4 Nd7 34. Qf2 Qd6 35. Rf7+ Kh6 36. Qf5 Qg6 37. Qf4+ 1-0

[Event "WYCC U16 Open 2019"]
[Site "Mumbai"]
[Date "2019.10.09"]
[Round "8.14"]
[White "Manafov, Vugar"]
[Black "Mohamed Anees M"]
[Result "0-1"]
[ECO "D38"]
[WhiteElo "2357"]
[BlackElo "2126"]
[Annotator "ChessBase"]
[PlyCount "72"]
[EventDate "2019.10.02"]
[EventType "swiss"]
[EventCountry "IND"]
[SourceTitle "playchess.com"]
[Source "ChessBase"]
[SourceQuality "1"]
[TimeControl "40/5400+30:1800+30"]

1. d4 Nf6 2. c4 e6 3. Nf3 d5 4. Nc3 Bb4 5. cxd5 exd5 6. a3 Bxc3+ 7. bxc3 O-O 8. e3 b6 9. c4 Bb7 10. Bb2 Re8 11. Bd3 Nbd7 12. O-O Ne4 13. Qc2 dxc4 14. Bxc4 Ng5 15. Qf5 Nxf3+ 16. gxf3 Qf6 17. Qxf6 Nxf6 18. e4 Nh5 19. Kh1 Nf4 20. d5 Ng6 21. Rg1 Rad8 22. Rad1 c6 23. d6 Kf8 24. Rg5 Bc8 25. h4 f6 26. Rg3 Be6 27. Ba6 Ne5 28. f4 Nc4 29. Bxc4 Bxc4 30. e5 f5 31. Rdg1 Rd7 32. Rxg7 Rxg7 33. Rxg7 Kxg7 34. e6+ Kf8 35. Bg7+ Kxg7 36. d7 Kf8 0-1

[Event "WYCC U16 Open 2019"]
[Site "Mumbai"]
[Date "2019.10.09"]
[Round "8.15"]
[White "Tomiello, Lucas Costamilan"]
[Black "Cardoso Cardoso, Jose Gabriel"]
[Result "0-1"]
[ECO "B94"]
[WhiteElo "2107"]
[BlackElo "2313"]
[Annotator "ChessBase"]
[PlyCount "60"]
[EventDate "2019.10.02"]
[EventType "swiss"]
[EventCountry "IND"]
[SourceTitle "playchess.com"]
[Source "ChessBase"]
[SourceQuality "1"]
[TimeControl "40/5400+30:1800+30"]

1. e4 c5 2. Nf3 d6 3. d4 cxd4 4. Nxd4 Nf6 5. Nc3 a6 6. Bg5 Nbd7 7. Qd2 e6 8. O-O-O Qc7 9. f4 Be7 10. Be2 b5 11. Bf3 Bb7 12. a3 O-O 13. g4 Nb6 14. Qg2 Nc4 15. Rd3 Rfc8 16. h4 Rab8 17. h5 b4 18. axb4 Ba8 19. Na2 a5 20. Bh4 d5 21. e5 Ne4 22. g5 axb4 23. g6 Bxh4 24. Rxh4 Nc5 25. gxh7+ Kh8 26. h6 Nxd3+ 27. Kb1 g6 28. cxd3 Na3+ 29. Ka1 b3 30. Nc3 Qa7 0-1

[Event "WYCC U16 Open 2019"]
[Site "Mumbai"]
[Date "2019.10.09"]
[Round "8.16"]
[White "Utsab Chatterjee"]
[Black "Galleguillos Alvarado, Maximilia"]
[Result "1-0"]
[ECO "B92"]
[WhiteElo "2211"]
[BlackElo "1894"]
[Annotator "ChessBase"]
[PlyCount "75"]
[EventDate "2019.10.02"]
[EventType "swiss"]
[EventCountry "IND"]
[SourceTitle "playchess.com"]
[Source "ChessBase"]
[SourceQuality "1"]
[TimeControl "40/5400+30:1800+30"]

1. e4 c5 2. Nf3 d6 3. d4 cxd4 4. Nxd4 Nf6 5. Nc3 a6 6. Be2 e5 7. Nb3 Be7 8. O-O O-O 9. Kh1 b6 10. Be3 Bb7 11. f3 Nbd7 12. a4 Rc8 13. Rf2 Rc7 14. Bf1 Qa8 15. Rd2 Rfc8 16. a5 b5 17. Bb6 Rxc3 18. bxc3 d5 19. exd5 Nxd5 20. Qe1 Qb8 21. Bf2 Nf8 22. Bg3 Bf6 23. Bd3 Nxc3 24. Bf5 Rc6 25. Rd3 b4 26. Re3 g6 27. Bd3 Nd7 28. Nd2 Kg7 29. Ne4 Qc7 30. Nxf6 Kxf6 31. f4 e4 32. f5 Qc8 33. fxg6 hxg6 34. Bxe4 Nxe4 35. Rxe4 Rxc2 36. Re2 Kg7 37. Bf2 Qc6 38. Bd4+ 1-0

[Event "WYCC U16 Open 2019"]
[Site "Mumbai"]
[Date "2019.10.10"]
[Round "9.1"]
[White "Aronyak Ghosh"]
[Black "Niemann, Hans Moke"]
[Result "1-0"]
[ECO "A10"]
[WhiteElo "2380"]
[BlackElo "2439"]
[Annotator "ChessBase"]
[PlyCount "83"]
[EventDate "2019.10.02"]
[EventType "swiss"]
[EventCountry "IND"]
[SourceTitle "playchess.com"]
[Source "ChessBase"]
[SourceQuality "1"]
[TimeControl "40/5400+30:1800+30"]

1. c4 g6 2. g3 Bg7 3. Bg2 c5 4. Nc3 Nh6 5. h4 Nf5 6. h5 d6 7. d3 Nc6 8. h6 Bf8 9. Bd2 e6 10. Nf3 Be7 11. a3 a5 12. Nb5 Bf6 13. Bc3 e5 14. Nd2 O-O 15. Ne4 Be7 16. Bd2 Be6 17. Nbc3 a4 18. e3 Na5 19. Rb1 b5 20. Nxb5 d5 21. cxd5 Bxd5 22. Bxa5 Qxa5+ 23. Nbc3 Bb3 24. Qf3 Qa6 25. g4 Nh4 26. Rxh4 Bxh4 27. g5 Rac8 28. Nf6+ Kh8 29. Qg4 c4 30. d4 Qb6 31. Nfd5 Qb8 32. Rc1 f6 33. Qxh4 fxg5 34. Qxg5 Rce8 35. Nf6 Qd8 36. dxe5 Re6 37. Bd5 Re7 38. f4 Qb6 39. Kf2 Qb8 40. Bf3 Ref7 41. Bd5 Re7 42. e6 1-0

[Event "WYCC U16 Open 2019"]
[Site "Mumbai"]
[Date "2019.10.10"]
[Round "9.2"]
[White "Kushagra Mohan"]
[Black "Makarian, Rudik"]
[Result "1/2-1/2"]
[ECO "B90"]
[WhiteElo "2309"]
[BlackElo "2386"]
[Annotator "ChessBase"]
[PlyCount "64"]
[EventDate "2019.10.02"]
[EventType "swiss"]
[EventCountry "IND"]
[SourceTitle "playchess.com"]
[Source "ChessBase"]
[SourceQuality "1"]
[TimeControl "40/5400+30:1800+30"]

1. e4 c5 2. Nf3 d6 3. d4 cxd4 4. Nxd4 Nf6 5. Nc3 a6 6. f3 h5 7. Be3 e6 8. a4 Be7 9. Bc4 O-O 10. O-O b6 11. Qe2 Bb7 12. Bxe6 fxe6 13. Nxe6 Qd7 14. Nxf8 Bxf8 15. Bxb6 Qe6 16. Bf2 Nbd7 17. Rad1 Rc8 18. Rfe1 Ne5 19. Bd4 Ng6 20. Qe3 h4 21. h3 Be7 22. Qg5 Qf7 23. Qf5 Re8 24. Qa5 Bc8 25. Ne2 Bd8 26. Qd2 Nh5 27. Be3 Ne5 28. Nd4 Qg6 29. Kh1 Bb6 30. Ne2 Nc4 31. Qd5+ Be6 32. Qg5 Qxg5 1/2-1/2

[Event "WYCC U16 Open 2019"]
[Site "Mumbai"]
[Date "2019.10.10"]
[Round "9.3"]
[White "Daghli, Arash"]
[Black "Kacharava, Nikolozi"]
[Result "1-0"]
[ECO "D20"]
[WhiteElo "2387"]
[BlackElo "2428"]
[Annotator "NA"]
[PlyCount "141"]
[EventDate "2019.10.02"]
[EventType "swiss"]
[EventCountry "IND"]
[SourceTitle "playchess.com"]
[Source "ChessBase"]
[SourceQuality "1"]
[TimeControl "40/5400+30:1800+30"]

1. d4 d5 2. c4 dxc4 3. e4 e5 4. Nf3 exd4 5. Bxc4 Nc6 6. O-O Be6 7. Bxe6 fxe6 8. Qb3 Qd7 9. Qxb7 Rb8 10. Qa6 Nf6 11. Nbd2 Bd6 {[%emt 0:00:58] D20: Queen's Gambit Accepted: 3 e3 and 3 e4} (11... Bb4 12. Qd3 Bxd2 13. Bxd2 Rxb2 14. Rac1 O-O 15. Rc5 Rfb8 16. Rfc1 R8b6 17. h3 h6 18. a4 Ne8 19. Bc3 R2b3 {1-0 (48) Wojtaszek,R (2746)-Socko,B (2604) Czech Republic 2016}) 12. a3 O-O 13. b4 Ng4 14. Bb2 Nce5 15. Nxe5 Bxe5 16. h3 Rb6 17. Qc4 Rc6 18. Qb3 d3 19. Bxe5 Nxe5 20. Rac1 $146 Rxc1 21. Rxc1 Ng6 22. g3 h5 23. Qc3 Rf7 24. Qc6 Qc8 25. Qc5 Qa6 26. Rc3 h4 27. Kg2 hxg3 28. fxg3 Qa4 29. Rb3 Rd7 30. h4 Qa6 31. Kf2 e5 ({Better is} 31... Qb6 $14) 32. Ke1 ({White should play} 32. Rc3 $16) 32... Rf7 33. b5 Qe6 34. Rxd3 a6 35. bxa6 Qxa6 36. Qc4 Qb6 37. Rf3 Nh8 38. Ke2 g6 39. Qd5 $18 Qb2 40. Rb3 Qd4 41. Rb8+ Kg7 42. Qxd4 exd4 43. a4 Rf6 44. Kd3 Nf7 45. Kxd4 Rd6+ 46. Ke3 Ra6 47. Rb4 c5 48. Rc4 Nd6 49. Rxc5 Rxa4 50. Rc6 Nf7 51. Kf4 Ra2 52. Nf3 Ra1 53. Rc7 Kf8 54. g4 Rf1 55. Ke3 Ra1 56. e5 Ra4 57. e6 Nd6 58. Ng5 Ke8 59. Kf3 Nb5 60. Rg7 Nd4+ 61. Ke3 Nc6 62. Nh7 Ne7 63. Nf6+ Kd8 64. Ng8 Ra3+ 65. Ke4 Ra4+ 66. Ke5 Ra5+ 67. Kf6 Nd5+ 68. Kf7 Ra7+ 69. Kf8 Rxg7 70. Kxg7 Ke8 71. Nf6+ {[%emt 0:00:01] Ne3} 1-0

[Event "WYCC U16 Open 2019"]
[Site "Mumbai"]
[Date "2019.10.10"]
[Round "9.4"]
[White "Avila Pavas, Santiago"]
[Black "Pogosyan, Stefan"]
[Result "0-1"]
[ECO "A25"]
[WhiteElo "2406"]
[BlackElo "2364"]
[Annotator "NA"]
[PlyCount "91"]
[EventDate "2019.10.02"]
[EventType "swiss"]
[EventCountry "IND"]
[SourceTitle "playchess.com"]
[Source "ChessBase"]
[SourceQuality "1"]
[TimeControl "40/5400+30:1800+30"]

1. c4 e5 2. Nc3 Nc6 3. g3 Nf6 4. Bg2 Bb4 5. a3 Bxc3 6. dxc3 {A25: English Opening vs King's Indian with ...Nc6 but without early d3} (6. bxc3 O-O 7. e4 d6 8. Ne2 a5 9. a4 Be6 10. d3 Qd7 11. h3 Ne8 12. Qb3 Nd8 13. f4 exf4 14. Bxf4 f5 15. exf5 Bxf5 {½-½ (34) Wanyama,H (2325)-Nsubuga,H (2222) Kampala 2018}) 6... O-O 7. e4 a5 8. a4 d6 9. Ne2 Be6 10. b3 Nd7 11. O-O $146 ({Predecessor:} 11. Be3 Nc5 12. Qc2 f5 13. Bxc5 dxc5 14. f4 {0-1 (51) Blaushtain,B (2199)-Hirsch,A (2040) Halle 2004}) 11... Nc5 12. Be3 Qc8 13. Bxc5 dxc5 14. Nc1 Rd8 15. Nd3 Rd6 16. Qe2 b6 17. Rad1 Qe8 18. f4 f6 19. Nb2 Rad8 20. Rd5 Bxd5 21. cxd5 exf4 22. gxf4 f5 23. Qc4 Ne7 24. e5 Rxd5 25. Bxd5+ Rxd5 ({Don't play} 25... Nxd5 26. Rf2 $17) 26. Nd1 $19 Qf7 27. Qe2 Rd8 28. Qc2 Qd5 29. Nf2 Qd2 30. Qxd2 Rxd2 31. c4 Nc6 32. Nd1 Nd4 33. Ne3 c6 34. Rf2 Rxf2 35. Kxf2 Kf7 36. h4 Ke6 37. h5 Nxb3 38. Ke2 Nd4+ 39. Kd3 g6 40. h6 Ke7 41. Ng2 Ne6 42. Kd2 g5 43. Ne3 Nxf4 44. Nxf5+ Ke6 45. Nd6 Kxe5 46. Nc8 0-1

[Event "WYCC U16 Open 2019"]
[Site "Mumbai"]
[Date "2019.10.10"]
[Round "9.5"]
[White "Bilych, Olexiy"]
[Black "Gharibyan, Mamikon"]
[Result "1-0"]
[ECO "C54"]
[WhiteElo "2281"]
[BlackElo "2388"]
[Annotator "ChessBase"]
[PlyCount "63"]
[EventDate "2019.10.02"]
[EventType "swiss"]
[EventCountry "IND"]
[SourceTitle "playchess.com"]
[Source "ChessBase"]
[SourceQuality "1"]
[TimeControl "40/5400+30:1800+30"]

1. e4 e5 2. Nf3 Nc6 3. Bc4 Bc5 4. c3 Nf6 5. d3 O-O 6. O-O d6 7. Re1 a5 8. h3 h6 9. Bb5 Na7 10. Ba4 b5 11. Bc2 Nc6 12. a3 d5 13. d4 exd4 14. e5 d3 15. Qxd3 Ne4 16. Be3 Bxe3 17. Qxe3 f5 18. exf6 Qxf6 19. Nbd2 Nd6 20. Qc5 Bb7 21. Qxd5+ Kh8 22. Ne4 Nb4 23. axb4 Bxd5 24. Nxf6 gxf6 25. Nh4 Rfe8 26. Rxe8+ Rxe8 27. bxa5 Re2 28. Ng6+ Kg7 29. Nf4 Rxc2 30. Nxd5 Nc8 31. a6 Na7 32. Re1 1-0

[Event "WYCC U16 Open 2019"]
[Site "Mumbai"]
[Date "2019.10.10"]
[Round "9.6"]
[White "Raja Rithvik R"]
[Black "Soto, Miguel Angel"]
[Result "1/2-1/2"]
[ECO "E73"]
[WhiteElo "2369"]
[BlackElo "2283"]
[Annotator "NA"]
[PlyCount "129"]
[EventDate "2019.10.02"]
[EventType "swiss"]
[EventCountry "IND"]
[SourceTitle "playchess.com"]
[Source "ChessBase"]
[SourceQuality "1"]
[TimeControl "40/5400+30:1800+30"]

1. c4 Nf6 2. Nc3 g6 3. e4 d6 4. d4 Bg7 5. Be2 O-O 6. Be3 e5 7. d5 Na6 8. g4 Nc5 9. f3 a5 10. h4 Ne8 11. h5 f5 12. hxg6 hxg6 13. gxf5 gxf5 14. Qc2 f4 15. Bf2 Qe7 16. O-O-O b6 17. Bf1 Bf6 18. Bh3 Ng7 19. Bxc8 Raxc8 20. Nge2 Kf7 21. Kb1 Rh8 22. Nb5 Rxh1 23. Rxh1 Nd7 24. a3 Nf8 25. Na7 Ra8 26. Nc6 Qd7 27. Qa4 Ng6 28. Nc3 Rg8 29. b4 axb4 30. axb4 Nf8 31. Nb5 Ne8 32. Qd1 Rg7 33. Qf1 Nh7 34. Rh5 Ng5 35. Qh1 Rg6 36. Kb2 Kg8 37. Kb3 Qg7 38. Rh2 Nf7 39. Qf1 Kf8 40. c5 bxc5 41. bxc5 Rh6 42. Rxh6 Qxh6 43. Qg2 Qh5 44. cxd6 cxd6 45. Ba7 Ng5 46. Bb8 Be7 47. Nxe7 Kxe7 48. Kb4 Qh4 49. Qg1 Nf7 50. Qc1 Qh3 51. Qc3 Qd7 52. Ba7 Ng5 53. Bf2 Nf7 54. Bh4+ Kf8 55. Qe1 Qb7 56. Qc3 Qd7 57. Qe1 Qc8 58. Nc3 Qb7+ 59. Kc4 Qa6+ 60. Kb3 Nc7 61. Qe2 Qa1 62. Qc4 Ne8 63. Qc8 Qa7 64. Qe6 Qb7+ 65. Kc2 1/2-1/2

[Event "WYCC U16 Open 2019"]
[Site "Mumbai"]
[Date "2019.10.10"]
[Round "9.7"]
[White "Harshavardhan G B"]
[Black "Sankalp Gupta"]
[Result "1-0"]
[ECO "C00"]
[WhiteElo "2362"]
[BlackElo "2369"]
[Annotator "NA"]
[PlyCount "81"]
[EventDate "2019.10.02"]
[EventType "swiss"]
[EventCountry "IND"]
[SourceTitle "playchess.com"]
[Source "ChessBase"]
[SourceQuality "1"]
[TimeControl "40/5400+30:1800+30"]

1. e4 e6 2. d4 d5 3. Bd3 dxe4 4. Bxe4 Nf6 5. Bf3 Nbd7 6. Nc3 Bd6 7. Nb5 O-O 8. Ne2 e5 9. Nxd6 cxd6 10. Nc3 e4 11. Be2 Re8 12. O-O Nf8 13. Bg5 h6 14. Bh4 Ng6 15. Bg3 a6 16. d5 Ne7 17. a4 Nf5 18. Qd2 Bd7 19. Bf4 Rc8 20. a5 Qc7 21. Be3 Nxe3 22. fxe3 Re5 23. h3 Qc5 24. Rfd1 h5 25. Ra3 h4 26. Qd4 Qc7 27. Rb3 Rg5 28. Kf2 Bf5 29. Qb6 Qe7 30. Bf1 Qe5 31. Qxb7 Rc5 32. Qxa6 Qg3+ 33. Ke2 Bg6 34. Kd2 Nxd5 35. Ne2 Qf2 36. c4 Kh7 37. Rc1 Nxe3 38. Rxe3 d5 39. Qd6 d4 40. Qxd4 Rxa5 41. Rxe4 1-0

[Event "WYCC U16 Open 2019"]
[Site "Mumbai"]
[Date "2019.10.10"]
[Round "9.8"]
[White "Nogerbek, Kazybek"]
[Black "Utsab Chatterjee"]
[Result "1/2-1/2"]
[ECO "D37"]
[WhiteElo "2387"]
[BlackElo "2211"]
[Annotator "NA"]
[PlyCount "183"]
[EventDate "2019.10.02"]
[EventType "swiss"]
[EventCountry "IND"]
[SourceTitle "playchess.com"]
[Source "ChessBase"]
[SourceQuality "1"]
[TimeControl "40/5400+30:1800+30"]

1. d4 d5 2. Nf3 Nf6 3. c4 e6 4. Nc3 Be7 5. g3 O-O 6. Bg2 dxc4 7. Ne5 Nc6 8. Bxc6 bxc6 9. Nxc6 Qe8 10. Nxe7+ Qxe7 11. Qa4 c5 12. dxc5 Qxc5 13. Be3 Qh5 14. f3 Bb7 15. O-O Nd5 16. Qa5 Qg6 17. Bd4 Rfd8 18. Rfd1 a6 19. e4 Nxc3 20. Bxc3 Rdc8 21. Kf2 Bc6 22. Rd6 Bb5 23. Rad1 Qg5 24. Qb6 Be8 25. h4 Qc5+ 26. Qxc5 Rxc5 27. Ke3 Rcc8 28. g4 h6 29. f4 Rc6 30. f5 exf5 31. gxf5 Rxd6 32. Rxd6 f6 33. e5 fxe5 34. Bxe5 Ra7 35. Kf4 Kh7 36. f6 g5+ 37. hxg5 hxg5+ 38. Kxg5 Kg8 39. Rd4 Bb5 40. Rh4 Rf7 41. Bc3 Rf8 42. Re4 Re8 43. Kg6 Rf8 44. f7+ Rxf7 45. Rh4 Kf8 46. Bf6 Ke8 47. Rd4 Bd7 48. Re4+ Kf8 49. Rh4 Ke8 50. Rxc4 Kf8 51. Rh4 Ke8 52. Rd4 Kf8 53. Rd6 Bb5 54. Rd8+ Be8 55. Kf5 Rd7 56. Ra8 Rd6 57. Ra7 Bd7+ 58. Ke5 Re6+ 59. Kd5 Ke8 60. Be5 Rh6 61. a3 Bb5 62. b3 Kd8 63. a4 Bd7 64. Bd6 Rh5+ 65. Kd4 Be6 66. Be7+ Ke8 67. Bf6 Bxb3 68. Rxa6 Kd7 69. a5 Rd5+ 70. Kc3 Bd1 71. Bd4 Be2 72. Ra7+ Kc6 73. Re7 Ba6 74. Bb6 Rd7 75. Re6+ Rd6 76. Re8 Rd7 77. Bd4 Rd5 78. Bb6 Rd7 79. Kb4 Rd1 80. Re6+ Rd6 81. Re1 Rd7 82. Bc5 Rb7+ 83. Bb6 Rd7 84. Bg1 Rd6 85. Rc1+ Kb7 86. Rb1 Rd5 87. Ka4+ Bb5+ 88. Rxb5+ Rxb5 89. Kxb5 Ka8 90. a6 Kb8 91. Kb6 Ka8 92. a7 1/2-1/2

[Event "WYCC U16 Open 2019"]
[Site "Mumbai"]
[Date "2019.10.10"]
[Round "9.9"]
[White "Mohamed Anees M"]
[Black "Moksh Amit Doshi"]
[Result "0-1"]
[ECO "E04"]
[WhiteElo "2126"]
[BlackElo "2328"]
[Annotator "NA"]
[PlyCount "118"]
[EventDate "2019.10.02"]
[EventType "swiss"]
[EventCountry "IND"]
[SourceTitle "playchess.com"]
[Source "ChessBase"]
[SourceQuality "1"]
[TimeControl "40/5400+30:1800+30"]

1. d4 Nf6 2. c4 e6 3. Nf3 d5 4. g3 dxc4 5. Bg2 Bb4+ 6. Bd2 a5 7. O-O O-O 8. Nc3 c6 9. Qc2 Nbd7 10. Rfd1 b5 11. a4 Qb6 12. e4 Bb7 13. Be3 Rfd8 14. d5 Bc5 15. dxc6 Bxc6 16. axb5 Bb7 17. Na4 Qxb5 18. e5 Be4 19. Qc1 Nd5 20. Bxc5 Bxf3 21. Bxf3 Nxc5 22. Nc3 Nxc3 23. Qxc3 Rxd1+ 24. Rxd1 Rb8 25. Rd4 Na4 26. Qd2 Qb6 27. Rd6 Qc7 28. Rd7 Qc8 29. Bb7 Qf8 30. Rc7 Nc5 31. Bg2 a4 32. Bf1 Rc8 33. Rxc8 Qxc8 34. Bxc4 h6 35. Bf1 Qc7 36. Qc3 Qb6 37. Qd4 g6 38. h4 Kg7 39. Kh2 Qc7 40. Qc3 Qc6 41. Qc4 Qd5 42. Qf4 Nd7 43. Qxa4 Nxe5 44. Bg2 Qd2 45. Qe4 Qxb2 46. Kg1 h5 47. f3 Qc3 48. Kh2 Nc4 49. Qc6 Qd4 50. Qa4 e5 51. Qc2 Ne3 52. Qe2 f5 53. Qa2 f4 54. gxf4 Qxf4+ 55. Kg1 Qd4 56. Qe2 Nf5+ 57. Kh2 Qxh4+ 58. Kg1 Qd4+ 59. Kh2 Qf4+ 0-1

[Event "WYCC U16 Open 2019"]
[Site "Mumbai"]
[Date "2019.10.10"]
[Round "9.10"]
[White "Cardoso Cardoso, Jose Gabriel"]
[Black "Lumachi, Gabriele"]
[Result "1-0"]
[ECO "D35"]
[WhiteElo "2313"]
[BlackElo "2207"]
[Annotator "NA"]
[PlyCount "83"]
[EventDate "2019.10.02"]
[EventType "swiss"]
[EventCountry "IND"]
[SourceTitle "playchess.com"]
[Source "ChessBase"]
[SourceQuality "1"]
[TimeControl "40/5400+30:1800+30"]

1. d4 d5 2. c4 e6 3. Nc3 Nf6 4. cxd5 exd5 5. Bg5 c6 6. e3 Bd6 7. Bd3 O-O 8. Qc2 h6 9. Bh4 Re8 10. Nge2 a5 11. h3 Na6 12. a3 Nc7 13. O-O Ne6 14. Kh1 Ng5 15. Rae1 Bd7 16. Ng3 Be7 17. f3 b5 18. e4 b4 19. Bxg5 hxg5 20. axb4 axb4 21. Nce2 dxe4 22. fxe4 Be6 23. Qxc6 g4 24. h4 Nd7 25. h5 Bh4 26. Qd6 Be7 27. Qf4 Bg5 28. Qf2 Bb3 29. Nc1 Bxc1 30. Rxc1 Qh4+ 31. Kg1 Nf6 32. Rc5 Rad8 33. Rb5 Be6 34. Rc1 Rc8 35. Rf1 b3 36. d5 Bd7 37. Rxb3 Re5 38. Rb7 Rd8 39. Qf4 Rde8 40. b4 Bc8 41. Rb8 R5e7 42. Rxc8 1-0

[Event "WYCC U16 Open 2019"]
[Site "Mumbai"]
[Date "2019.10.10"]
[Round "9.11"]
[White "Soham Kamotra"]
[Black "Turgut, Aydin"]
[Result "1-0"]
[ECO "A05"]
[WhiteElo "2091"]
[BlackElo "2281"]
[Annotator "NA"]
[PlyCount "113"]
[EventDate "2019.10.02"]
[EventType "swiss"]
[EventCountry "IND"]
[SourceTitle "playchess.com"]
[Source "ChessBase"]
[SourceQuality "1"]
[TimeControl "40/5400+30:1800+30"]

1. Nf3 Nf6 2. c4 e6 3. e3 d5 4. b3 b6 5. Bb2 Bb7 6. Nc3 Nbd7 7. cxd5 exd5 8. d4 Bd6 9. Bd3 a6 10. O-O O-O 11. Qc2 Qe7 12. Rfd1 Rfe8 13. Rac1 Ne4 14. Bf1 f5 15. g3 c6 16. Bh3 Rf8 17. Nh4 g6 18. Ne2 Rae8 19. Nf4 Qf7 20. Nd3 Nef6 21. Bg2 Qe6 22. Nf3 Ne4 23. Nfe5 g5 24. f3 Nef6 25. Re1 c5 26. f4 g4 27. Qc3 Bxe5 28. fxe5 Ne4 29. Bxe4 fxe4 30. Nf4 Rxf4 31. exf4 Rf8 32. Ba3 Rc8 33. Qe3 c4 34. f5 Qxf5 35. Rf1 Qg6 36. Rf4 b5 37. Rcf1 a5 38. Rf5 h6 39. Bc1 cxb3 40. axb3 Rc6 41. Qf4 Bc8 42. Bd2 a4 43. bxa4 bxa4 44. Bb4 e3 45. Qxe3 Ba6 46. R1f2 Rb6 47. Bd6 Rb3 48. Qf4 Be2 49. Rf8+ Kh7 50. Qf7+ Qxf7 51. R8xf7+ Kg6 52. Rxd7 Bd3 53. Rf6+ Kg5 54. Be7 Kh5 55. Rdd6 Kg5 56. Rxd5 Rb7 57. e6+ 1-0